 Dungeon Crawl Stone Soup version 0.30-a0-174-gbc10bd73c2 (webtiles) character file.

Game seed: 17653212200845871854

3764 qw the Cleaver (level 10, -6/63 HPs)
             Began as a Gargoyle Fighter on Oct 1, 2022.
             Mangled by a very large slime creature (28 damage)
             ... on level 9 of the Dungeon.
             The game lasted 00:02:48 (7949 turns).

qw the Cleaver (Gargoyle Fighter)                   Turns: 7949, Time: 00:02:48

Health: -6/63      AC: 23    Str: 25      XL:     10   Next: 15%
Magic:  10/10      EV:  7    Int:  7 (8)  God:
Gold:   375        SH:  5    Dex: 15      Spells: 9/9 levels left

rFire   . . .      SeeInvis +    j - +14 obsidian axe {vorpal, Mesm Drain Fly SInv}
rCold   + . .      Faith    .    c - +0 buckler
rNeg    + . .      Spirit   .    t - +0 plate armour
rPois   inf        Reflect  .    (no helmet)
rElec   +          Harm     .    (no cloak)
rCorr   .          Rampage  .    i - +0 pair of gloves
Will    .....                    r - +0 pair of boots
Stlth   ..........               (no amulet)
HPRegen 0.30/turn                h - ring of protection from cold
MPRegen 0.12/turn                p - +6 ring of dexterity

@: about to teleport, flying, mesmerised
A: sickness immunity, AC +7, negative energy resistance 1, electricity
resistance, torment resistance 1, petrification resistance
a: no special abilities


You were on level 9 of the Dungeon.
You visited 1 branch of the dungeon, and saw 9 of its levels.

You collected 375 gold pieces.


Innate Abilities, Weirdness & Mutations

You are immune to sickness and miasma.
Your stone body is resilient. (AC +7)
You are immune to poison.
You resist negative energy. (rN+)
You are resistant to electric shocks. (rElec)
You are resistant to unholy torment.
You are immune to petrification.


   Skills:
 + Level 7.5 Fighting
 - Level 10.0 Axes
 - Level 1.3 Throwing
 - Level 7.3 Armour
 - Level 2.2 Dodging
 - Level 4.0 Shields


You had 9 spell levels left.
You didn't know any spells.
Your spell library was empty.

Inventory:

Hand Weapons
 j - the +14 obsidian axe (weapon) {vorpal, Mesm Drain Fly SInv}
   (You acquired it on level 5 of the Dungeon)

   It inflicts extra damage upon your enemies.
   It occasionally summons demons to assist the wielder when it strikes in
   combat.
   Its wielder is mesmerised by any visible foes.
   It cannot be unequipped while any foes are visible.
   SInv:      It lets you see invisible.
   Fly:       It grants you flight.
   Drain:     It drains your maximum health when unequipped.
 o - a +0 morningstar
Missiles
 l - 5 boomerangs (quivered)
Armour
 c - a +0 buckler (worn)
 i - a +0 pair of gloves (worn)
 m - a +2 chain mail of cold resistance
 r - a +0 pair of boots (worn)
 t - a +0 plate armour (worn)
Jewellery
 h - a ring of protection from cold (left hand)
 p - a +6 ring of dexterity (right hand)
Scrolls
 f - a scroll of identify
Potions
 b - 3 potions of curing
 d - 2 potions of might
 e - a potion of resistance
 g - a potion of cancellation
 n - a potion of attraction {unknown}
 q - a potion of ambrosia {unknown}
 u - a potion of berserk rage {unknown}
 v - a potion of lignification {unknown}

Dungeon Overview and Level Annotations

Branches:
Dungeon (9/15)             Temple (0/1) D:4
   Lair: D:8-11         Orc: D:9-12

Altars:
Elyvilon
Fedhas
Gozag
Qazlal
Ru
Uskayaw
Vehumet
Wu Jian
Zin
The Shining One

Shops:
D:2 [

Portals:
Bailey: D:7

Annotations:
D:2 1 runed translucent door, Crazy Yiuf


Message History

Two slime creatures merge to form a very large slime creature.
You hit the orc wizard.
You kill the orc wizard!
You hit the orc warrior but do no damage.
You open a gate to Pandemonium!
A demon appears!
You hit the slime creature. You slash the slime creature!
You barely miss the very large slime creature.
Visions of slaying the slime creature flood into your mind.
The orc warrior hits you with a +0 battleaxe!
The orc warrior hits your red devil with a +0 battleaxe.
The slime creature hits you but does no damage. x2
You slash the slime creature!
The slime creature is severely wounded.
You slash the slime creature! You open a gate to Pandemonium!
A demon appears!
You slash the very large slime creature!
You hit the orc warrior.
Visions of slaying the slime creature flood into your mind.
You block the orc warrior's attack.
The orc warrior barely misses your orange demon.
The orc warrior hits your red devil with a +0 battleaxe.
The slime creature hits you! The slime creature hits you.
The very large slime creature hits you!!
Your red devil hits the orc warrior with a +0 trident.
The orc warrior is skewered by barbed spikes.
7948 ||| READING scroll of teleportation.
As you read the scroll of teleportation, it crumbles to dust.
You feel strangely unstable.
The orc warrior hits your red devil with a +0 battleaxe!!
The orc warrior hits you but does no damage.
The orc warrior hits your orange demon with a +0 battleaxe.
The slime creature hits you! You block the slime creature's attack.
You block the very large slime creature's attack.
Your red devil hits the orc warrior with a +0 trident!
The orc warrior dies!
Your orange demon stings the slime creature from afar.
7949 ||| DRINKING potion of heal wounds.
You feel much better.
The slime creature hits you but does no damage.
The very large slime creature hits you!!
You die...

..# ..
###.######
#........#
.##........#
...........#
#..OJJJ..#
#..?.@)4.#
#...)4)..#
######.###
.# .# .# ##


You could see a very large slime creature, 2 slime creatures, a two-headed ogre,
a friendly orange demon (summoned) and a friendly red devil (summoned).

Vanquished Creatures
  A boulder beetle (D:8)
  Prince Ribbit (D:7)
  Grinder (D:3)
  3 water moccasins
  An ice beast (D:7)
  A sky beast (D:6)
  A black bear (D:5)
  An orc warrior (D:7)
  A centaur (D:8)
  2 ogres (D:5)
  A kobold brigand (D:8)
  4 necrophages
  2 bullfrogs
  5 wights (D:5)
  A gnoll bouda (D:5)
  3 hounds
  2 jellies
  5 orc priests
  4 iguanas
  6 orc wizards
  11 gnolls
  4 adders
  A shadow imp (D:8)
  A white imp (D:6)
  4 ufetubi
  5 dart slugs
  23 orcs
  5 ball pythons
  2 bats (D:2)
  6 endoplasms
  5 giant cockroaches
  15 goblins
  5 hobgoblins
  3 jackals (D:1)
  4 quokkas
  3 frilled lizards
  10 kobolds
  6 rats
159 creatures vanquished.

Vanquished Creatures (collateral kills)
  An orc warrior (D:9)
  3 howler monkeys (D:8)
  A gnoll bouda (D:8)
  An iguana (D:6)
  A gnoll (D:8)
  An adder (D:6)
  An orc (D:7)
9 creatures vanquished.

Grand Total: 168 creatures vanquished

Notes
Turn   | Place    | Note
-------+----------+-------------------------------------------
     0 | D:1      | qw the Gargoyle Fighter began the quest for the Orb.
     0 | D:1      | Reached XP level 1. HP: 14/14 MP: 1/1
     0 | D:1      | 0 ||| qw: Version: 0.2-a-13-gfc7b4b4
     0 | D:1      | 0 ||| qw: Game counter: 1940
     0 | D:1      | 0 ||| qw: Always use a shield: true
     0 | D:1      | 0 ||| qw: God list: Okawaru
     0 | D:1      | 0 ||| qw: Allow faded altars: false
     0 | D:1      | 0 ||| qw: Do Orc after D:15 true
     0 | D:1      | 0 ||| qw: Do second Lair branch before Depths: true
     0 | D:1      | 0 ||| qw: Lair rune preference: random
     0 | D:1      | 0 ||| qw: Plans: Normal, Zot:1-4, God:TSO, Crypt, Tomb,
                  | Pan, Slime:5, Hells, Abyss, Orb
     0 | D:1      | 0 ||| PLANNING D:1-11
    72 | D:1      | Reached skill level 2 in Axes
    80 | D:1      | Reached XP level 2. HP: 19/19 MP: 2/2
   157 | D:1      | Reached skill level 3 in Axes
   157 | D:1      | Reached XP level 3. HP: 21/23 MP: 3/3
   168 | D:1      | 168 ||| DROPPING +0 club.
   601 | D:1      | 601 ||| DROPPING +0 whip.
   683 | D:1      | 683 ||| UPGRADING to +2 chain mail of cold resistance.
   693 | D:1      | 693 ||| DROPPING +0 scale mail.
   694 | D:1      | 694 ||| DROPPING amulet of faith.
   695 | D:1      | 695 ||| UPGRADING to ring of protection from cold.
   696 | D:1      | 696 ||| DROPPING +6 ring of intelligence.
   697 | D:1      | 697 ||| READING scroll labelled QAZAIQ UMUIHU.
   698 | D:1      | 698 ||| READING scroll labelled DUUCZA VIFUV.
   770 | D:2      | 770 ||| Stepping ~*~*~tactically~*~*~ (stealth).
   773 | D:2      | 773 ||| Stepping ~*~*~tactically~*~*~ (stealth).
   804 | D:2      | Found Winach's Antique Armour Emporium.
   811 | D:2      | 811 ||| SHOPLISTING pair of glowing gloves (187 gold, have
                  | 41).
   904 | D:2      | 904 ||| Stepping ~*~*~tactically~*~*~ (stealth).
   929 | D:2      | 929 ||| Stepping ~*~*~tactically~*~*~ (hiding).
  1036 | D:2      | Found a faded altar of an unknown god.
  1059 | D:2      | Found a sacrificial altar of Ru.
  1277 | D:2      | Reached XP level 4. HP: 25/28 MP: 4/4
  1401 | D:2      | Reached skill level 4 in Axes
  1637 | D:2      | Found a runed translucent door.
  1638 | D:2      | Noticed Crazy Yiuf
  1735 | D:2      | 1735 ||| READING 2 scrolls labelled YSYWNI ZOTANO.
  1736 | D:2      | 1736 ||| READING scroll labelled MANEKHU QUMEBLO.
  1823 | D:2      | 1823 ||| READING scroll labelled RUARCHYS ICIU.
  1824 | D:2      | 1824 ||| READING scroll labelled GURUDARALA.
  1925 | D:2      | 1925 ||| DRINKING 2 purple potions.
  1926 | D:2      | 1926 ||| DROPPING potion of magic.
  1996 | D:3      | 1996 ||| Stepping ~*~*~tactically~*~*~ (hiding).
  1998 | D:3      | 1998 ||| Stepping ~*~*~tactically~*~*~ (hiding).
  1999 | D:3      | 1999 ||| Stepping ~*~*~tactically~*~*~ (hiding).
  2000 | D:3      | 2000 ||| Stepping ~*~*~tactically~*~*~ (hiding).
  2009 | D:3      | 2009 ||| Stepping ~*~*~tactically~*~*~ (hiding).
  2009 | D:3      | Noticed Grinder
  2011 | D:3      | Paralysed by Grinder for 3 turns
  2017 | D:3      | HP: 6/28 [Grinder (3)]
  2022 | D:3      | Killed Grinder
  2023 | D:3      | Reached skill level 5 in Axes
  2023 | D:3      | Reached XP level 5. HP: 8/32 MP: 5/5
  2023 | D:3      | Reached XP level 6. HP: 10/37 MP: 6/6
  2025 | D:3      | HP: 7/37 [gnoll/+0 whip (4)]
  2025 | D:3      | HP: 2/37 [gnoll/+0 spear (5)]
  2096 | D:3      | 2096 ||| FLEEEEING.
  2097 | D:3      | 2097 ||| FLEEEEING.
  2098 | D:3      | 2098 ||| FLEEEEING.
  2100 | D:3      | 2100 ||| STAIRDANCE
  2709 | D:3      | Reached skill level 6 in Axes
  2848 | D:3      | Found a blossoming altar of Fedhas.
  2946 | D:3      | 2946 ||| READING scroll labelled VIECWIGODIA.
  2955 | D:4      | 2955 ||| Stepping ~*~*~tactically~*~*~ (stealth).
  3054 | D:4      | Reached skill level 1 in Dodging
  3054 | D:4      | Reached XP level 7. HP: 27/43 MP: 7/7
  3124 | D:4      | Found a stormy altar of Qazlal.
  3125 | D:4      | Found an ornate altar of the Wu Jian Council.
  3181 | D:4      | 3181 ||| Stepping ~*~*~tactically~*~*~ (hiding).
  3182 | D:4      | 3182 ||| Stepping ~*~*~tactically~*~*~ (hiding).
  3298 | D:4      | Found a staircase to the Ecumenical Temple.
  3322 | D:4      | 3322 ||| DROPPING +0 flail.
  3845 | D:4      | 3845 ||| UPGRADING to +6 ring of dexterity.
  3846 | D:4      | 3846 ||| DRINKING 2 fuming puce potions.
  3847 | D:4      | 3847 ||| DRINKING 2 grey potions.
  3887 | D:5      | Entered Level 5 of the Dungeon
  4151 | D:5      | 4151 ||| Stepping ~*~*~tactically~*~*~ (stealth).
  4152 | D:5      | 4152 ||| Stepping ~*~*~tactically~*~*~ (stealth).
  4154 | D:5      | 4154 ||| Stepping ~*~*~tactically~*~*~ (hiding).
  4167 | D:5      | Reached skill level 7 in Axes
  4183 | D:5      | 4183 ||| Stepping ~*~*~tactically~*~*~ (stealth).
  4208 | D:5      | Reached skill level 1 in Throwing
  4208 | D:5      | Reached XP level 8. HP: 16/49 MP: 8/8
  4263 | D:5      | 4263 ||| FLEEEEING.
  4272 | D:5      | 4272 ||| FLEEEEING.
  4273 | D:5      | 4273 ||| FLEEEEING.
  4274 | D:5      | 4274 ||| FLEEEEING.
  4275 | D:5      | 4275 ||| FLEEEEING.
  4276 | D:5      | 4276 ||| FLEEEEING.
  4277 | D:5      | 4277 ||| FLEEEEING.
  4278 | D:5      | 4278 ||| FLEEEEING.
  4282 | D:5      | 4282 ||| FLEEEEING.
  4285 | D:5      | 4285 ||| FLEEEEING.
  4286 | D:5      | 4286 ||| FLEEEEING.
  4287 | D:5      | 4287 ||| FLEEEEING.
  4288 | D:5      | 4288 ||| FLEEEEING.
  4289 | D:5      | 4289 ||| FLEEEEING.
  4290 | D:5      | 4290 ||| FLEEEEING.
  4300 | D:5      | 4300 ||| FLEEEEING.
  4301 | D:5      | 4301 ||| FLEEEEING.
  4302 | D:5      | 4302 ||| FLEEEEING.
  4303 | D:5      | 4303 ||| FLEEEEING.
  4304 | D:5      | 4304 ||| FLEEEEING.
  4305 | D:5      | 4305 ||| FLEEEEING.
  4306 | D:5      | 4306 ||| FLEEEEING.
  4307 | D:5      | 4307 ||| FLEEEEING.
  4308 | D:5      | 4308 ||| FLEEEEING.
  4389 | D:5      | 4389 ||| READING scroll of enchant weapon.
  4389 | D:5      | 4389 ||| ENCHANTING +1 war axe.
  4473 | D:5      | HP: 2/49 [ogre/+0 giant club (12)]
  4474 | D:5      | 4474 ||| READING scroll of teleportation.
  4475 | D:5      | 4475 ||| DRINKING 2 potions of heal wounds.
  4618 | D:5      | Reached skill level 8 in Axes
  4620 | D:5      | 4620 ||| FLEEEEING.
  4790 | D:5      | Reached skill level 6 in Fighting
  5261 | D:5      | 5261 ||| UPGRADING to +0 plate armour.
  5271 | D:5      | 5271 ||| READING scroll labelled BUNOWU URIMO.
  5272 | D:5      | 5272 ||| READING scroll labelled TITAYC YXKEIQU.
  5273 | D:5      | 5273 ||| READING scroll labelled DIADUN QAJEDIM.
  5273 | D:5      | Identified a scroll of acquirement
  5273 | D:5      | 5273 ||| ACQUIRING +14 obsidian axe {vorpal, Mesm Drain Fly
                  | SInv}
  5273 | D:5      | Acquired the +14 obsidian axe {vorpal, Mesm Drain Fly SInv}
  5273 | D:5      | Found the +14 obsidian axe {vorpal, Mesm Drain Fly SInv}
  5275 | D:5      | 5275 ||| SWAPPING to +14 obsidian axe {vorpal, Mesm Drain
                  | Fly SInv}.
  5276 | D:5      | 5276 ||| DROPPING +2 war axe.
  5277 | D:5      | 5277 ||| DRINKING 2 sedimented purple potions.
  5278 | D:5      | 5278 ||| READING 2 scrolls of identify.
  5278 | D:5      | 5278 ||| IDENTIFYING white potion
  5279 | D:5      | 5279 ||| DROPPING potion of flight.
  5331 | D:5      | 5331 ||| STAIRDANCE
  5335 | D:5      | 5335 ||| STAIRDANCE
  5339 | D:5      | 5339 ||| STAIRDANCE
  5343 | D:5      | 5343 ||| STAIRDANCE
  5347 | D:5      | 5347 ||| STAIRDANCE
  5351 | D:5      | 5351 ||| STAIRDANCE
  5355 | D:5      | 5355 ||| STAIRDANCE
  5359 | D:5      | 5359 ||| STAIRDANCE
  5363 | D:5      | 5363 ||| STAIRDANCE
  5367 | D:5      | 5367 ||| STAIRDANCE
  5371 | D:5      | 5371 ||| STAIRDANCE
  5375 | D:5      | 5375 ||| STAIRDANCE
  5379 | D:5      | 5379 ||| STAIRDANCE
  5383 | D:5      | 5383 ||| STAIRDANCE
  5387 | D:5      | 5387 ||| STAIRDANCE
  5391 | D:5      | 5391 ||| STAIRDANCE
  5395 | D:5      | 5395 ||| STAIRDANCE
  5399 | D:5      | 5399 ||| STAIRDANCE
  5403 | D:5      | 5403 ||| STAIRDANCE
  5407 | D:5      | 5407 ||| STAIRDANCE
  5648 | D:6      | Found a hide-covered altar of Uskayaw.
  5925 | D:6      | Reached XP level 9. HP: 44/55 MP: 9/9
  6265 | D:6      | 6265 ||| UPGRADING to +0 pair of gloves.
  6270 | D:6      | 6270 ||| DRINKING 2 fuming emerald potions.
  6271 | D:6      | 6271 ||| DROPPING potion of brilliance.
  6311 | D:7      | Reached skill level 9 in Axes
  6318 | D:7      | 6318 ||| DRINKING 2 potions of curing.
  6318 | D:7      | 6318 ||| (to cure confusion)
  6377 | D:7      | Found a flagged portal.
  6680 | D:7      | Noticed Prince Ribbit
  6696 | D:7      | Killed Prince Ribbit
  6739 | D:7      | 6739 ||| READING scroll labelled DABOER RICS.
  6740 | D:7      | 6740 ||| DRINKING 2 orange potions.
  6741 | D:7      | 6741 ||| DROPPING potion of degeneration.
  6776 | D:8      | 6776 ||| Stepping ~*~*~tactically~*~*~ (hiding).
  6942 | D:8      | Noticed a boulder beetle
  6957 | D:8      | Killed a boulder beetle
  7319 | D:8      | Found a radiant altar of Vehumet.
  7319 | D:8      | Found an opulent altar of Gozag.
  7423 | D:8      | Reached XP level 10. HP: 63/63 MP: 10/10
  7583 | D:8      | Found a glowing golden altar of the Shining One.
  7583 | D:8      | Found a glowing silver altar of Zin.
  7595 | D:8      | 7595 ||| FLEEEEING.
  7596 | D:8      | 7596 ||| FLEEEEING.
  7738 | D:8      | Found a white marble altar of Elyvilon.
  7864 | D:8      | 7864 ||| UPGRADING to +0 pair of boots.
  7869 | D:8      | 7869 ||| READING 2 scrolls labelled ESTRIM HODOHEFACE.
  7870 | D:8      | 7870 ||| READING scroll labelled KENACZ BYVUINIAL.
  7913 | D:8      | 7913 ||| READING 2 scrolls of identify.
  7913 | D:8      | 7913 ||| IDENTIFYING clear potion
  7914 | D:8      | 7914 ||| DROPPING scroll of noise.
  7944 | D:9      | Noticed a two-headed ogre
  7945 | D:9      | Reached skill level 10 in Axes
  7947 | D:9      | HP: 13/63 [very large slime creature (25)]
  7948 | D:9      | 7948 ||| READING scroll of teleportation.
  7948 | D:9      | HP: 3/63 [slime creature (11)]
  7949 | D:9      | 7949 ||| DRINKING potion of heal wounds.
  7949 | D:9      | Mangled by a very large slime creature

Levels and vault maps discovered:
D:1:      elethiomel_arrival_quiet, layout_basic
D:2:      layout_loops_ring, shapermc_ecumenical_altar_venn, serial_shops,
          shop_fountains, basic_altar, st_stairs_13, uniq_crazy_yiuf_cottage
D:3:      layout_basic, mainiacjoe_overflow_small_starburst, uniq_grinder
D:4:      layout_loops_ring, nicolae_overflow_hidden_temple,
          minmay_temple_entry_from_below_a
D:5:      layout_basic, minmay_ogre_servants
D:6:      layout_basic, nicolae_overflow_crystal_walls, grunt_ministairs_15
D:7:      layout_rooms, enter_bailey_2, uniq_prince_ribbit1
D:8:      layout_loops_corners, dreamdust_divine_triumvirate,
          gammafunk_temple_overflow_elements, kennysheep_generic_room_4
D:9:      layout_roguey, kennysheep_mini, trog_wizard, minmay_misc_feat_five

Skill      XL: |  1  2  3  4  5  6  7  8  9 10 |
---------------+-------------------------------+-----
Axes           | 2 3 5 6 7 8 9 10 | 10.0
Fighting       | 4 5 6 7 |  7.5
Dodging        | 1 2 |  2.2
Throwing       | 1 |  1.3
Armour         | 4 7 |  7.3
Shields        | 4 |  4.0

Action                   |  1- 3 |  4- 6 |  7- 9 | 10-12 || total
-------------------------+-------+-------+-------+-------++-------
Melee: War axe           |    93 |    98 |   131 |       ||   322
       Broad axe         |       |       |    76 |    13 ||    89
Throw: Boomerang         |       |       |    59 |     7 ||    66
  Use: Scroll            |     2 |     5 |     7 |     4 ||    18
       Potion            |       |     1 |     7 |     1 ||     9
Armor: Scale mail        |    16 |       |       |       ||    16
       Chain mail        |    35 |    68 |    63 |       ||   166
       Plate armour      |       |       |    38 |    13 ||    51
Dodge: Dodged            |    33 |    36 |    67 |     5 ||   141
Block: Buckler           |    14 |    16 |    47 |     4 ||    81

Table legend:
 A = Non-vault XP
 B = Vault XP
 C = Vault XP percentage of total XP
 D = Non-vault monster count
 E = Vault monster count
 F = Vault count percentage of total count
                 A         B        C        D         E       F
            +---------+---------+-------+---------+---------+-------
      Total |    4467 |     911 |  16.9 |     154 |      14 |   8.3
            +---------+---------+-------+---------+---------+-------
        D:1 |      47 |       0 |   0.0 |      18 |       0 |   0.0
        D:2 |      43 |      13 |  23.2 |      19 |       1 |   5.0
        D:3 |     195 |     277 |  58.7 |      16 |       1 |   5.9
        D:4 |     272 |       0 |   0.0 |      31 |       0 |   0.0
        D:5 |     880 |     135 |  13.3 |      19 |       9 |  32.1
        D:6 |     597 |      88 |  12.8 |      13 |       1 |   7.1
        D:7 |     746 |     283 |  27.5 |      13 |       1 |   7.1
        D:8 |    1445 |     115 |   7.4 |      21 |       1 |   4.5
        D:9 |     242 |       0 |   0.0 |       4 |       0 |   0.0
            +---------+---------+-------+---------+---------+-------
